 Dungeon Crawl Stone Soup version 0.22-a0-587-g7d32d7c (webtiles) character file.

53 inc the Grave Robber (level 3, 14/14 HPs)
             Began as a Felid Necromancer on July 4, 2018.
             Quit the game on level 2 of the Dungeon.
             The game lasted 00:04:04 (2241 turns).

inc the Grave Robber (Felid Necromancer)            Turns: 2241, Time: 00:04:05

Health: 14/14      AC:  1    Str:  4    XL:     3   Next: 62%
Magic:  7/7        EV: 18    Int: 17    God:
Gold:   85         SH:  0    Dex: 16    Spells: 5/6 levels left
                                        Lives:  0   Deaths: 1

rFire    . . .     SeeInvis +   (weapon unavailable)
rCold    . . .     Gourm    .   (shield unavailable)
rNeg     . . .     Faith    .   (armour unavailable)
rPois    .         Spirit   .   (helmet unavailable)
rElec    .         Reflect  .   (cloak unavailable)
rCorr    .         Harm     .   (gloves unavailable)
MR       .....                  (boots unavailable)
Stlth    +++.......             (no amulet)
HPRegen  0.04/turn              (no ring)
MPRegen  0.10/turn              (no ring)

@: quick
A: very small, no armour, no weapons or thrown items, stealth, claws 1, fangs 3,
see invisible, carnivore, speed 1, shaggy fur 1, slow metabolism 1, sharp paws
a: no special abilities


You were on level 2 of the Dungeon.
You were not hungry.

You visited 1 branch of the dungeon, and saw 3 of its levels.

You collected 85 gold pieces.

Inventory:

Scrolls
 a - 3 scrolls of identify {unknown}
 d - a scroll of amnesia {unknown}
 f - 2 scrolls of enchant armour {unknown}
 g - 3 scrolls of remove curse {unknown}
Potions
 c - 3 potions of curing {unknown}
 e - a potion of agility {unknown}
Comestibles
 b - 7 rations


   Skills:
 - Level 2.6 Dodging
 - Level 2.6 Stealth
 - Level 2.0 Spellcasting
 + Level 6.1 Necromancy


You had 5 spell levels left.
You knew the following spells:

 Your Spells              Type           Power        Failure   Level  Hunger
a - Pain                  Necr           ###.         1%          1    #......

Your spell library contained the following spells:

 Spells                   Type           Power        Failure   Level  Hunger
 Animate Dead             Necr           N/A          16%         4    #####..
 Animate Skeleton         Necr           N/A          1%          1    #......
 Vampiric Draining        Necr           ###.......   4%          3    ###....
 Regeneration             Chrm/Necr      ##........   17%         3    ###....


Dungeon Overview and Level Annotations

Branches:
Dungeon (3/15)

Altars:
Trog


Innate Abilities, Weirdness & Mutations

You cannot wear armour.
You are incapable of wielding weapons or throwing items.
Your paws allow you to move quietly. (Stealth)
You have sharp claws.
You have razor-sharp teeth.
You have supernaturally acute eyesight. (SInv)
You are carnivorous and can eat meat at any time.
You cover ground quickly.
You are covered in fur. (AC +1)
You have a slow metabolism.
Your sharp claws are effective at attacking unaware monsters.


Message History

Casting: Pain (safe; 1% risk of failure)
Confirm with . or Enter, or press ? or * to list all spells.
Aiming: Pain (safe; 1% risk of failure)
Press: ? - help, Shift-Dir - straight line, f/p - gnoll
Aim: a gnoll, wielding a halberd (heavily wounded, chance to defeat MR: 87%)
The gnoll barely resists.
The kobold throws a stone.
The stone hits you but does no damage.
Casting: Pain (safe; 1% risk of failure)
Confirm with . or Enter, or press ? or * to list all spells.
You don't have enough magic to cast that spell.
The crimson imp blinks!
A worm comes into view.
The gnoll hits you from afar with a halberd!!
Ouch! That really hurt!
You die...
The crimson imp blinks!
You are now level 3!
You rejoin the land of the living...
Unknown command.
Are you sure you want to abandon this character and quit the game? (Confirm with "yes".)

##########
###.....>..# #######
...<#####..# #.....#
#####.###.## #.....#
#......## #.....#
##....####.# #..@..#
...... ###.# #.....#
...... #...# #.....#
...... #.#.# #.....#
...5.# #.#.# #.....#
......##.#.###.....#
.# #..#.....#.....#
.# #.........#####
### ##...5...##


There were no monsters in sight!

Vanquished Creatures
  An orc priest (D:3)
  2 gnolls (D:2)
  2 adders (D:2)
  A dart slug (D:1)
  A leopard gecko (D:1)
  An orc (D:3)
  A ball python (D:1)
  4 goblins (D:1)
  6 hobgoblins
  4 jackals (D:1)
  3 quokkas
  4 bats (D:1)
  3 kobolds
  7 rats
40 creatures vanquished.

Notes
Turn   | Place    | Note
-------+----------+-------------------------------------------
     0 | D:1      | inc the Felid Necromancer began the quest for the Orb.
     0 | D:1      | Reached XP level 1. HP: 7/7 MP: 4/4
   112 | D:1      | You fall through a shaft!
   423 | D:1      | Reached XP level 2. HP: 7/11 MP: 3/6
  1315 | D:1      | Reached skill level 5 in Necromancy
  1339 | D:1      | Reached XP level 3. HP: 11/14 MP: 4/7
  1959 | D:2      | Reached XP level 4. HP: 18/18 MP: 6/8
  2200 | D:2      | Found a bloodstained altar of Trog.
  2220 | D:2      | Reached skill level 6 in Necromancy
  2240 | D:2      | Mangled by a gnoll
  2241 | D:2      | Reached XP level 3. HP: -9/14 MP: 1/7
  2241 | D:2      | Quit the game

Vault maps used:
D:1:      scummos_arrival_star
D:2:      lemuel_crystal_altar, first_ration

Skill      XL: |  1  2  3  4 |
---------------+-------------+-----
Necromancy     | 5 6 |  6.1
Dodging        | |  2.6
Stealth        | |  2.6
Spellcasting   | |  2.0

Action                   |  1- 3 |  4- 6 || total
-------------------------+-------+-------++-------
Melee: Unarmed           |     1 |     2 ||     3
 Cast: Pain              |    49 |    18 ||    67
 Stab: Sleeping          |     1 |       ||     1
  Eat: Chunk             |     8 |     1 ||     9
Dodge: Dodged            |     6 |     3 ||     9

Table legend:
 A = Spawn XP
 B = Non-spawn XP
 C = Spawn XP percentage of total XP
 D = Spawn monster count
 E = Non-spawn monster count
 F = Spawn count percentage of total count
 G = Total turns spent on level
                    A         B        C        D         E        F      G
               +---------+---------+-------+---------+---------+-------+---------
         Total |       0 |     159 |   0.0 |       0 |      40 |   0.0 |  2241
               +---------+---------+-------+---------+---------+-------+---------
           D:1 |       0 |      41 |   0.0 |       0 |      25 |   0.0 |  1530
           D:2 |       0 |      66 |   0.0 |       0 |      10 |   0.0 |   477
           D:3 |       0 |      52 |   0.0 |       0 |       5 |   0.0 |   234
               +---------+---------+-------+---------+---------+-------+---------
